 Dungeon Crawl Stone Soup version 0.21.0-3-g78d12a8 (webtiles) character file.

366 RollingDesktops the Slasher (level 6, -7/54 HPs)
             Began as a Troll Chaos Knight on Jan 12, 2018.
             Mangled by a wyvern (15 damage)
             ... on level 4 of the Dungeon.
             The game lasted 00:16:18 (2625 turns).

RollingDesktops the Slasher (Troll Chaos Knight)    Turns: 2625, Time: 00:16:18

Health: -7/54      AC:  7    Str: 22 (23) XL:     6   Next: 40%
Magic:  3/5        EV: 10    Int:  8      God:    Xom [*.....]
Gold:   1240       SH:  0    Dex:  9      Spells: 3/5 levels left

rFire    . . .     SeeInvis .   a - +1 falchion (chaos)
rCold    . . .     Gourm    +   (no shield)
rNeg     . . .     Faith    .   b - +2 robe
rPois    +         Spirit   .   (helmet restricted)
rElec    .         Reflect  .   (no cloak)
rCorr    .         Harm     .   (gloves unavailable)
MR       .....                  (boots unavailable)
Stlth    +.........             (no amulet)
HPRegen  0.58/turn              n - ring of poison resistance
MPRegen  0.09/turn              (no ring)

@: very slightly contaminated, drained
A: large, unfitting armour, claws 3, fast metabolism 3, frail 1, gourmand,
regeneration 1, shaggy fur 1, tough skin 2
a: Renounce Religion


You were on level 4 of the Dungeon.
You worshipped Xom.
You were a special plaything of Xom.
You were not hungry.

You visited 1 branch of the dungeon, and saw 4 of its levels.

You collected 1240 gold pieces.

Inventory:

Hand Weapons
 a - a +1 falchion of chaos (weapon)
Armour
 b - a +2 robe (worn)
 l - a +1 robe
Jewellery
 n - a ring of poison resistance (left claw)
Scrolls
 f - a scroll of identify
 h - 3 scrolls of remove curse
Books
 k - a book of Callings

   Spells                             Type                      Level
   a - Summon Small Mammal            Summoning                    1
   b - Call Imp                       Summoning                    2
   c - Call Canine Familiar           Summoning                    3
   d - Summon Guardian Golem          Hexes/Summoning              3
   e - Summon Lightning Spire         Summoning/Air                4
   f - Summon Ice Beast               Ice/Summoning                4
Comestibles
 c - 2 rations
 d - a chunk of flesh


   Skills:
 + Level 3.5(3.3) Fighting
 + Level 4.6(4.3) Long Blades
 + Level 3.1(2.8) Dodging
 + Level 0.4(0.1) Stealth


You had 3 spell levels left.
You knew the following spells:

 Your Spells              Type           Power        Failure   Level  Hunger
a - Call Imp              Summ           #.......     54%         2    ###....


Dungeon Overview and Level Annotations

Branches:
Dungeon (4/15)
 Temple: D:4-7

Altars:


Innate Abilities, Weirdness & Mutations

You are too large for most types of armour.
You have claws for hands.
Your metabolism is lightning-fast.
You like to eat raw meat.
Your natural rate of healing is unusually fast.
You are covered in fur. (AC +1)
You have very tough skin. (AC +2)
You are frail. (-10% HP)


Message History

You closely miss the wyvern.
The wyvern is moderately wounded.
The wyvern bites you.
* * * LOW HITPOINT WARNING * * *
The wyvern closely misses you.
You hit the wyvern but do no damage.
Space bends around the wyvern.
The wyvern is heavily wounded.
The wyvern barely misses you.
You riposte.
You hit the wyvern. You burn the wyvern.
The wyvern is heavily wounded.
The wyvern barely misses you.
You closely miss the wyvern.
The wyvern is heavily wounded.
The wyvern bites you.
* * * LOW HITPOINT WARNING * * *
You barely miss the wyvern.
The wyvern is heavily wounded.
The wyvern bites you!
You die...
Xom laughs nastily!

#.# #. #.####..<
#.......## #..#..#..#
###.## ..#.. ##...#
#.#..########
...######.#.#.......#
.#÷........§#§......#
.#.........§§§.l@(..#
.#......###§#.......#
........# #.#########
#.......###.######
##...............#
#....(..........#
#...............#
#######........<#
#.........#


You could see a wyvern.

Vanquished Creatures
  The ghost of Inarius the Chiller, an amateur DrIE (D:3)
  A centaur skeleton (D:4)
  An orc wizard (D:3)
  An iguana (D:4)
  4 adders
  A gnoll (D:1)
  3 oozes
  2 worms
  2 dart slugs
  3 leopard geckos
  8 orcs (D:3)
  9 bats
  5 giant cockroaches
  9 goblins
  7 hobgoblins
  6 jackals
  10 kobolds
  3 frilled lizards
  14 rats
  A bush (D:2)
  5 plants (D:2)
96 creatures vanquished.

Vanquished Creatures (others)
  4 kobolds (D:2)
  3 bushes (D:2)
7 creatures vanquished.

Grand Total: 103 creatures vanquished

Notes
Turn   | Place    | Note
-------+----------+-------------------------------------------
     0 | D:1      | RollingDesktops the Troll Chaos Knight began the quest for the Orb.
     0 | D:1      | Reached XP level 1. HP: 22/22 MP: 0/0
     6 | D:1      | Noticed a lindwurm
     6 | D:1      | Noticed a worker ant
     6 | D:1      | Noticed a rime drake
     7 | D:1      | Noticed a black mamba
     7 | D:1      | Noticed a hog
   127 | D:1      | Reached XP level 2. HP: 29/29 MP: 1/1
   385 | D:1      | XOM: divination: detect items
   405 | D:1      | Reached XP level 3. HP: 34/36 MP: 2/2
   444 | D:1      | Reached skill level 3 in Long Blades
   613 | D:1      | Paralysed by fainting for 12 turns
   627 | D:1      | XOM: noise
   641 | D:1      | XOM: god gift: 20 arrows
   888 | D:1      | XOM: god gift: leatherbound book {god gift}
   895 | D:1      | Learned a level 2 spell: Call Imp
   924 | D:1      | XOM: cloud trail
   999 | D:2      | XOM: silly message
  1087 | D:2      | Reached XP level 4. HP: 45/45 MP: 3/3
  1479 | D:2      | XOM: destruction
  1533 | D:2      | XOM: mild Ice miscast
  1654 | D:2      | XOM: 1-stop teleportation journey
  1714 | D:3      | XOM: noise
  1875 | D:3      | Noticed Inarius's ghost (amateur DrIE)
  1911 | D:3      | Killed Inarius's ghost
  1911 | D:3      | Reached skill level 4 in Long Blades
  1911 | D:3      | Reached XP level 5. HP: 36/53 MP: 4/4
  1959 | D:3      | Noticed a phantom
  1981 | D:3      | XOM: divination: detect creatures
  2061 | D:3      | XOM: god gift: 1100 gold pieces
  2249 | D:3      | Reached XP level 6. HP: 59/61 MP: 5/5
  2254 | D:3      | XOM: harmless Pois miscast
  2283 | D:3      | XOM: stat loss: -1 Str (22/23)
  2512 | D:4      | XOM: give mutation
  2512 | D:4      | Gained mutation: You are frail. (-10% HP) [Xom's mischief]
  2609 | D:4      | Noticed a wyvern
  2615 | D:4      | XOM: harmless Pois miscast
  2617 | D:4      | XOM: smoke on damage
  2625 | D:4      | Mangled by a wyvern

Skill      XL: |  1  2  3  4 |
---------------+-------------+-----
Dodging        | 2 3 |  3.1
Long Blades    | 3 4 |  4.6
Fighting       | 3 |  3.5
Stealth        | |  0.4

Action                   |  1- 3 |  4- 6 || total
-------------------------+-------+-------++-------
Melee: Falchion          |    64 |   306 ||   370
  Use: Scroll            |       |     7 ||     7
       Potion            |       |     3 ||     3
 Stab: Confused          |     1 |       ||     1
       Petrifying        |       |     1 ||     1
  Eat: Ration            |     2 |     3 ||     5
       Chunk             |       |     8 ||     8
Armor: Robe              |    74 |   150 ||   224
Dodge: Dodged            |    70 |   135 ||   205
       Rpst.: Falchion   |    26 |    43 ||    69
